 Dungeon Crawl Stone Soup version 0.27.1-2-g3b301248ec (webtiles) character file.

Game seed: 16564048995774400963

30 Descartes the Sneak (level 3, -1/17 HPs)
             Began as a Felid Delver on Oct 2, 2021.
             Splashed by a jelly's acid (3 damage)
             ... on level 5 of the Dungeon.
             The game lasted 00:00:27 (25 turns).

Descartes the Sneak (Felid Delver)                    Turns: 25, Time: 00:00:27

Health: -1/17      AC:  1    Str:  9    XL:     3   Next: 3%
Magic:  4/4        EV: 17    Int: 11    God:
Gold:   0          SH:  0    Dex: 17    Spells: 2/2 levels left
                                        Lives:  0   Deaths: 0

rFire    . . .     SeeInvis +     - Unarmed
rCold    . . .     Faith    .   (shield unavailable)
rNeg     . . .     Spirit   .   (armour unavailable)
rPois    .         Reflect  .   (helmet unavailable)
rElec    .         Harm     .   (cloak unavailable)
rCorr    .         Rampage  .   (gloves unavailable)
Will     .....                  (boots unavailable)
Stlth    ++++......             (no amulet)
HPRegen  0.05/turn              (no ring)
MPRegen  0.09/turn              (no ring)

@: quick
A: very small, claws 1, fangs 3, see invisible, speed 1, shaggy fur 1, stealthy
paws, no weapons or thrown items, no armour, multi-lived
a: no special abilities


You were on level 5 of the Dungeon.
You visited 1 branch of the dungeon, and saw 1 of its levels.

Inventory:

Wands
 e - a wand of digging (3)
Scrolls
 a - a scroll of fog
 b - a scroll of magic mapping
 c - a scroll of fear
Potions
 d - a potion of haste


   Skills:
 + Level 3.2 Fighting
 + Level 2.7 Dodging
 + Level 7.5 Stealth
 + Level 2.2 Unarmed Combat


You had 2 spell levels left.
You didn't know any spells.
Your spell library was empty.

Dungeon Overview and Level Annotations

Branches:
Dungeon (5/15)
 Temple: D:4-7

Altars:
Kikubaaqudgha


Innate Abilities, Weirdness & Mutations

You have sharp claws.
You have razor-sharp teeth.
You have supernaturally acute eyesight. (SInv)
You cover ground quickly. (Speed+)
You are covered in fur. (AC +1)
Your paws help you pounce on unaware monsters.
You are incapable of wielding weapons or throwing items.
You cannot wear armour.
You gain extra lives every three experience levels.


Message History

The human zombie is heavily damaged.
You scratch the human zombie.
The human zombie is severely damaged.
The human zombie hits you!
Ouch! That really hurt!
* * * LOW HITPOINT WARNING * * *
You scratch the human zombie.
The human zombie is severely damaged.
The human zombie hits you.
* * * LOW HITPOINT WARNING * * *
You barely miss the human zombie.
The human zombie is severely damaged.
The human zombie hits you.
* * * LOW HITPOINT WARNING * * *
You scratch the human zombie.
The human zombie is severely damaged.
A jelly comes into view.
You scratch the human zombie.
The human zombie is almost destroyed.
The human zombie barely misses you.
You barely miss the human zombie.
The human zombie is almost destroyed.
The human zombie misses you.
You scratch the human zombie.
The human zombie is almost destroyed.
The human zombie hits you but does no damage.
You scratch the human zombie.
You destroy the human zombie!
The jelly closely misses you.
Your Stealth skill increases to level 7!
You have reached level 2!
You have reached level 3!
Your experience leads to an increase in your attributes!
Increase (S)trength, (I)ntelligence, or (D)exterity?
You feel stronger.
Okay, then.
Okay, then.
Okay, then.
You scratch the jelly.
Your paws burn!
You die...

... ... .. .# ###
###.# # #_# ...##..
#+#+#+#+#+#'####......
#....@J......'..>.....
#+#+#+#+#+#+###...####
#8....... ##...###.
...## ....# .##.# ..
...


You could see a jelly.

Vanquished Creatures
  A human zombie (D:5)
1 creature vanquished.

Notes
Turn   | Place    | Note
-------+----------+-------------------------------------------
     0 | D:5      | Descartes the Felid Delver began the quest for the Orb.
     0 | D:5      | Reached XP level 1. HP: 10/10 MP: 2/2
     5 | D:5      | Found an ancient bone altar of Kikubaaqudgha.
    12 | D:5      | Noticed a jelly
    17 | D:5      | Reached skill level 7 in Stealth
    17 | D:5      | Reached XP level 2. HP: 2/14 MP: 3/3
    17 | D:5      | Reached XP level 3. HP: 2/17 MP: 4/4
    25 | D:5      | Splashed by a jelly's acid

Illustrated notes

Levels and vault maps discovered:
D:5:      layout_rooms, lemuel_mausoleum_altar_kikubaaqudgha,
          mainiacjoe_overflow_small_starburst, mainiacjoe_overflow_alcove_1,
          mainiacjoe_overflow_catwalk_spiral, lemuel_another_geyser

Skill      XL: |  1 |
---------------+----+-----
Stealth        | 7 |  7.5
Fighting       | |  3.2
Dodging        | |  2.7
Unarmed Combat | |  2.2

Action                   || total
-------------------------++-------
Melee: Unarmed           ||    11
 Stab: Sleeping          ||     1
Armor: Skin              ||     1
Dodge: Dodged            ||     4
